 Dungeon Crawl Stone Soup version 0.20-b1 (webtiles) character file.

1191 Hook the Purveyor of Pain (level 8, 0/37 HPs)
             Began as a Vine Stalker Necromancer on May 19, 2017.
             Was an Initiate of Kikubaaqudgha.
             Slain by a sky beast (4 damage)
             ... while paralysed
             ... in the Ecumenical Temple.
             The game lasted 00:49:14 (8427 turns).

Hook the Purveyor of Pain (VSNe)                    Turns: 8427, Time: 00:49:15

Health: 0/37       AC:  6    Str: 10    XL:     8   Next: 43%
Magic:  0/19       EV:  2    Int: 17    God:    Kikubaaqudgha [......]
Gold:   325        SH:  0    Dex: 16    Spells: 4/20 levels left

rFire    + . .     SeeInvis .   h - +1 dagger
rCold    x . .     Gourm    .   (no shield)
rNeg     . . .     Faith    .   a - +2 robe
rPois    .         Spirit   +   (no helmet)
rElec    .         Reflect  .   (no cloak)
rCorr    .         Harm     .   D - +1 pair of gloves
MR       +....                  (no boots)
Stlth    +++.......             (no amulet)
Regen    0.6/turn               i - ring of fire
MPRegen  0.2/turn               q - ring of stealth

@: paralysed, fainting, drained
A: fangs 3, regeneration 1, magic shield, antimagic bite, no potion heal 3, rot
immunity
a: Renounce Religion


You were in the Ecumenical Temple.
You worshipped Kikubaaqudgha.
Kikubaaqudgha was noncommittal.
You were fainting.

You visited 2 branches of the dungeon, and saw 8 of its levels.

You collected 325 gold pieces.

Inventory:

Hand Weapons
 h - a +1 dagger (weapon)
Missiles
 G - 80 stones (quivered)
Armour
 a - a +2 robe (worn)
 D - a +1 pair of gloves (worn)
Jewellery
 e - an uncursed amulet of rage
 i - a ring of fire (left hand)
 q - a ring of stealth (right hand)
Wands
 f - a wand of paralysis (10/24)
 k - a wand of lightning (8/15)
 l - a wand of polymorph (14/24)
 v - a wand of polymorph (9/24)
 C - a wand of lightning (12/15)
Scrolls
 o - a scroll of remove curse
 t - a scroll of identify
 w - a scroll of enchant armour
 y - a scroll of recharging
Potions
 d - 2 potions of flight
 g - 3 potions of curing
 m - a potion of haste
 n - a potion of lignification
 r - a potion of mutation {unknown}
 s - 3 potions of brilliance {unknown}
 u - a potion of ambrosia {unknown}
 A - a potion of heal wounds {unknown}
Books
 b - a book of Necromancy

   Spells                             Type                      Level
   a - Pain                           Necromancy                   1
   b - Animate Skeleton               Necromancy                   1
   c - Vampiric Draining              Necromancy                   3
   d - Regeneration                   Charms/Necromancy            3
   e - Animate Dead                   Necromancy                   4
   f - Control Undead                 Necromancy                   4
 p - a book of Frost

   Spells                             Type                      Level
   a - Freeze                         Ice                          1
   b - Throw Frost                    Conjuration/Ice              2
   c - Ozocubu's Armour               Charms/Ice                   3
   d - Throw Icicle                   Conjuration/Ice              4
   e - Summon Ice Beast               Ice/Summoning                4
 x - a book of Minor Magic

   Spells                             Type                      Level
   a - Magic Dart                     Conjuration                  1
   b - Blink                          Translocation                2
   c - Call Imp                       Summoning                    2
   d - Slow                           Hexes                        2
   e - Conjure Flame                  Conjuration/Fire             3
   f - Mephitic Cloud                 Conjuration/Poison/Air       3
Comestibles
 c - 6 bread rations
 j - a royal jelly
 F - 3 fruits


   Skills:
 + Level 0.5(0.1) Fighting
 * Level 3.1(2.7) Dodging
 - Level 2.6(2.2) Stealth
 * Level 6.7(6.3) Spellcasting
 * Level 7.2(6.8) Necromancy
 * Level 2.0(1.6) Ice Magic


You had 4 spell levels left.
You knew the following spells:

 Your Spells              Type           Power        Failure   Level  Hunger
a - Pain                  Necr           ####         1%          1    None
b - Animate Skeleton      Necr           N/A          1%          1    None
c - Vampiric Draining     Necr           ####......   2%          3    ##.....
d - Regeneration          Chrm/Necr      ###.......   9%          3    ##.....
e - Animate Dead          Necr           N/A          8%          4    ####...
f - Freeze                Ice            ##..         6%          1    None
g - Call Imp              Summ           #.......     19%         2    None
h - Magic Dart            Conj           #...         12%         1    None


Dungeon Overview and Level Annotations

Branches:
Dungeon (7/15)             Temple (1/1) D:7

Altars:
Cheibriados
Dithmenos
Elyvilon
Fedhas
Gozag
Hepliaklqana
Kikubaaqudgha
Nemelex Xobeh
Ru
Trog
Uskayaw
Vehumet
The Shining One

Annotations:
D:2 Grinder
D:6 Prince Ribbit
D:7 Menkaure


Innate Abilities, Weirdness & Mutations

You have razor-sharp teeth.
Your natural rate of healing is unusually fast.
When hurt, damage is shared between your health and your magic reserves.
Your bite disrupts and absorbs the magic of your enemies.
Potions cannot restore your health.
You are immune to rotting.


Message History

You lose consciousness!
The hungry ghost hits you.
You feel slightly more hungry. Something hits you.
* * * LOW HITPOINT WARNING * * *
Something shocks you.
* * * LOW HITPOINT WARNING * * *
The hungry ghost hits you.
* * * LOW HITPOINT WARNING * * *
You feel slightly more hungry.
A sky beast appears from thin air!
Reactivating autopickup.
The sky beast hits you but does no damage.
The hungry ghost hits you.
You feel slightly more hungry.
The sky beast hits you but does no damage.
The hungry ghost hits you.
You feel slightly more hungry.
The sky beast flickers out of sight!
Deactivating autopickup; reactivate with Ctrl-A.
Something hits you but does no damage. The hungry ghost hits you.
You feel slightly more hungry. Something hits you. Something shocks you.
You die...
Kikubaaqudgha rasps: "You have failed me!
Welcome... death!"

#####._.# ## #.......
.. #####._.##.##.
#.............
#####._.##.##.⌠.## ##.
#.....................
##._.##.##._.##.##._.##
.......................
.##.##._.##.##{@.##.##
.............W........
#._.##.##.⌠.##.##.⌠.##
#................ ....
#####._.##.##._.## ##.
#... .........
#####._.##.##. #.......
.. #####._.# ##


You could see a hungry ghost.

Vanquished Creatures
  An ogre (D:7)
  An orc warrior (D:6)
  2 bullfrogs (D:6)
  3 wights (D:6)
  2 crimson imps (D:5)
  An orc priest (D:6)
  5 orc wizards
  4 worker ants
  A hound skeleton (D:6)
  A worker ant zombie (D:5)
  9 gnolls
  A howler monkey skeleton (D:4)
  12 adders
  A shadow imp (D:6)
  2 adder zombies (D:6)
  A worm (D:6)
  2 dart slugs
  7 leopard geckos
  13 orcs
  16 giant cockroaches
  3 goblins
  10 hobgoblins
  6 jackals
  11 kobolds
  2 quokkas
  A ball python (D:3)
  4 bats
  9 frilled lizards
  A giant cockroach zombie (D:5)
  A leopard gecko zombie (D:5)
  7 rats
140 creatures vanquished.

Vanquished Creatures (collateral kills)
  A crimson imp (D:5)
  A worker ant (D:6)
  A worker ant zombie (D:6)
  An adder skeleton (D:4)
  A leopard gecko (D:6)
  3 orcs
  2 goblins (D:1)
  A bat (D:3)
  A frilled lizard (D:1)
  A rat (D:1)
13 creatures vanquished.

Grand Total: 153 creatures vanquished

Notes
Turn   | Place    | Note
-------+----------+-------------------------------------------
     0 | D:1      | Hook the Vine Stalker Necromancer began the quest for the Orb.
     0 | D:1      | Reached XP level 1. HP: 9/9 MP: 4/4
    73 | D:1      | Learned a level 1 spell: Animate Skeleton
   276 | D:1      | Reached XP level 2. HP: 13/13 MP: 4/6
  1088 | D:1      | Reached XP level 3. HP: 14/16 MP: 3/7
  1147 | D:1      | Learned a level 3 spell: Vampiric Draining
  2174 | D:2      | Gained mutation: Your natural rate of healing is unusually fast. [Vine Stalker growth]
  2174 | D:2      | Reached XP level 4. HP: 18/21 MP: 5/9
  2406 | D:2      | Reached skill level 5 in Necromancy
  2620 | D:3      | Noticed Grinder
  2641 | D:2      | Learned a level 3 spell: Regeneration
  2685 | D:3      | Paralysed by Grinder for 2 turns
  3000 | D:3      | HP: 1/21 [worker ant (5)]
  3003 | D:3      | Reached XP level 5. HP: 2/24 MP: 2/11
  3005 | D:3      | HP: 1/36 [poisoned by a worker ant]
  3619 | D:3      | Learned a level 4 spell: Animate Dead
  3944 | D:4      | Reached XP level 6. HP: 27/28 MP: 9/13
  3956 | D:4      | Learned a level 1 spell: Freeze
  4405 | D:5      | Entered Level 5 of the Dungeon
  5281 | D:5      | Noticed a sky beast
  5462 | D:6      | Reached skill level 1 in Ice Magic
  5485 | D:6      | Reached skill level 5 in Spellcasting
  5699 | D:6      | Reached XP level 7. HP: 31/32 MP: 7/15
  5851 | D:6      | Found an opulent altar of Gozag.
  6210 | D:5      | Reached skill level 6 in Necromancy
  6419 | D:6      | Learned a level 2 spell: Call Imp
  6470 | D:6      | Learned a level 1 spell: Magic Dart
  7199 | D:7      | Found a white marble altar of Elyvilon.
  7214 | D:7      | Gained mutation: You have razor-sharp teeth. [Vine Stalker growth]
  7214 | D:7      | Reached XP level 8. HP: 37/37 MP: 16/18
  7228 | D:7      | Noticed Menkaure
  7580 | D:6      | HP: 1/37 [wight/battleaxe of freezing (5)]
  7681 | D:6      | Found a glowing golden altar of the Shining One.
  7696 | D:6      | Reached skill level 7 in Necromancy
  8147 | D:6      | Noticed Prince Ribbit
  8367 | D:7      | Found a staircase to the Ecumenical Temple.
  8376 | Temple   | Entered the Ecumenical Temple
  8388 | Temple   | Became a worshipper of Kikubaaqudgha
  8423 | Temple   | Paralysed by fainting for 9 turns
  8427 | Temple   | Slain by a sky beast

Skill      XL: |  1  2  3  4  5  6  7  8 |
---------------+-------------------------+-----
Spellcasting   | 3 4 5 6 |  6.7
Dodging        | 2 3 |  3.1
Necromancy     | 5 6 7 |  7.2
Ice Magic      | 1 2 |  2.0
Fighting       | |  0.5
Stealth        | |  2.6

Action                   |  1- 3 |  4- 6 |  7- 9 || total
-------------------------+-------+-------+-------++-------
Melee: Unarmed           |    11 |       |       ||    11
       Bite              |     7 |    32 |    46 ||    85
       Dagger            |    24 |   113 |   132 ||   269
 Cast: Pain              |    57 |   100 |    76 ||   233
       Animate Skeleton  |    14 |    11 |     5 ||    30
       Vampiric Draining |     2 |     8 |    18 ||    28
       Freeze            |       |    19 |     6 ||    25
       Animate Dead      |       |     2 |     7 ||     9
       Call Imp          |       |       |     3 ||     3
       Regeneration      |       |       |     5 ||     5
       Magic Dart        |       |       |     3 ||     3
  Use: Scroll            |     3 |     4 |    12 ||    19
       Potion            |       |     2 |       ||     2
 Stab: Sleeping          |     1 |     1 |       ||     2
  Eat: Chunk             |     4 |     8 |     2 ||    14
       Fruit             |     1 |     3 |       ||     4
       Royal jelly       |       |     1 |     2 ||     3
       Bread ration      |       |       |     1 ||     1
Armor: Robe              |    10 |    25 |    54 ||    89
       Skin              |       |     2 |       ||     2
Dodge: Dodged            |    34 |    78 |   138 ||   250
